 Dungeon Crawl Stone Soup version 0.29-a0-575-g0dc89cf053 (webtiles) character file.

Game seed: 5757909619903722485

85 Zonian the Chiller (level 4, -2/21 HPs)
             Began as a Vine Stalker Ice Elementalist on June 12, 2022.
             Slain by a gnoll
             ... wielding a +0 spear
              (4 damage)
             ... on level 3 of the Dungeon.
             The game lasted 00:04:00 (4046 turns).

Zonian the Chiller (Vine Stalker Ice Elementalist)  Turns: 4046, Time: 00:04:00

Health: -2/21      AC:  2    Str: 10    XL:     4   Next: 48%
Magic:  0/9        EV: 12    Int: 15    God:
Gold:   189        SH:  0    Dex: 17    Spells: 8/9 levels left

rFire   . . .      SeeInvis .   c - +0 hand axe
rCold   . . .      Faith    .   (no shield)
rNeg    . . .      Spirit   +   a - +0 robe
rPois   .          Reflect  .   (no helmet)
rElec   .          Harm     .   (no cloak)
rCorr   .          Rampage  .   (no gloves)
Will    +....                   (no boots)
Stlth   +++.......              (no amulet)
HPRegen 0.87/turn               j - ring of willpower
MPRegen 0.11/turn               (no ring)

@: no status effects
A: fangs 2, regeneration 1, magic shield, antimagic bite, no potion heal 2
a: no special abilities


You were on level 3 of the Dungeon.
You visited 1 branch of the dungeon, and saw 3 of its levels.

You collected 189 gold pieces.

Inventory:

Hand Weapons
 c - a +0 hand axe (weapon)
Armour
 a - a +0 robe (worn)
 i - a +2 kite shield
Jewellery
 j - a ring of willpower (left hand)
Scrolls
 d - a scroll of summoning {unknown}
 g - 2 scrolls of fog {unknown}
 h - a scroll of poison {unknown}
 k - 2 scrolls of enchant armour {unknown}
 n - a scroll of identify {unknown}
Potions
 b - a potion of magic
 e - a potion of curing {unknown}
 f - 2 potions of haste {unknown}
 l - a potion of heal wounds {unknown}
 m - a potion of berserk rage {unknown}
 o - a potion of flight {unknown}


   Skills:
 + Level 2.3 Dodging
 + Level 3.5 Stealth
 + Level 3.0 Spellcasting
 + Level 4.5 Ice Magic


You had 8 spell levels left.
You knew the following spells:

 Your Spells              Type           Power      Damage    Failure   Level
a - Freeze                Ice            60%        1d8       3%          1

Your spell library contained the following spells:

 Spells                   Type           Power      Damage    Failure   Level
 Frozen Ramparts          Ice            30%        1d5       10%         3
 Ozocubu's Armour         Ice            15%        N/A       10%         3
 Hailstorm                Conj/Ice       9%         3d4       61%         4
 Summon Forest            Summ/Tloc      1%         N/A       99%         5
 Summon Mana Viper        Hex/Summ       2%         N/A       99%         5
 Summon Cactus Giant      Summ           1%         N/A       100%        6


Dungeon Overview and Level Annotations

Branches:
Dungeon (3/15)

Altars:


Innate Abilities, Weirdness & Mutations

You have extremely sharp teeth.
Your natural rate of healing is unusually fast.
When hurt, damage is shared between your health and your magic reserves.
Your bite disrupts and absorbs the magic of your enemies.
Potions cannot restore your health.


Message History

Things that are here:
a +0 dagger; 10 gold pieces; a goblin corpse You hit the rat.
The rat is severely wounded.
The rat bites you.
The rat splashes around in the water.
You closely miss the rat. You bite the rat.
You kill the rat!
No target in view!
You now have 189 gold pieces (gained 10).
Things that are here:
a +0 dagger; a goblin corpse You enter the shallow water.
Moving in this stuff is going to be slow.
You open the door.
There is an open door here.
An endoplasm comes into view.
An endoplasm is nearby! 4 gnolls come into view.
The endoplasm quivers.
You hit the endoplasm. You bite the endoplasm.
You kill the endoplasm!
The gnoll shouts! x2
Found a scroll labelled KUQIAB RYAB.
The gnoll hits you but does no damage.
The gnoll shouts!
You hit the gnoll.
The gnoll is lightly wounded.
The gnoll hits you with a +0 spear.
You hit the gnoll.
The gnoll is heavily wounded.
The gnoll closely misses you. The gnoll hits you with a +0 flail!
You hit the gnoll. Your bite misses the gnoll.
The gnoll is severely wounded.
You hit the gnoll. You barely miss the gnoll.
The gnoll hits you with a +0 flail! The gnoll hits you with a +0 spear.
* * * LOW HITPOINT WARNING * * *
The gnoll closely misses you. The gnoll attacks as you move away!
The gnoll hits you with a +0 flail.
* * * LOW HITPOINT WARNING * * *
The gnoll hits you from afar with a +0 spear.
You die...

#......≈≈≈....+
#####.#)≈#....#
#.#.##..).# #.#.# ....##
########.#.##.....#
.........#.##.###.##
############.#.#........
......####...#...##.###.
#..@.'.....#.#......
#gg###...###...##.##
#.g# #...###.#.#....
#.g# #...##..#...##.
#.#..... #..#
#...###.#.#.#.. #.#.#..#
#..# #...# #...#...#
#.#.#..# #..#
#...###.#.#.#.. #.#.#..#
#..# #...##..#...##.
####.#.#..# #?.# ###
##.#.#....


You could see 4 gnolls.

Vanquished Creatures
  An adder (D:3)
  A worm (D:3)
  3 dart slugs
  5 bats
  14 endoplasms
  3 giant cockroaches
  4 goblins
  2 hobgoblins
  4 jackals
  3 quokkas
  7 ball pythons
  7 frilled lizards
  4 kobolds
  4 rats
62 creatures vanquished.

Notes
Turn   | Place    | Note
-------+----------+-------------------------------------------
     0 | D:1      | Zonian the Vine Stalker Ice Elementalist began the quest
                  | for the Orb.
     0 | D:1      | Reached XP level 1. HP: 9/9 MP: 4/4
   588 | D:1      | Reached XP level 2. HP: 13/13 MP: 6/6
  1251 | D:1      | Found a faded altar of an unknown god.
  1295 | D:1      | Reached XP level 3. HP: 5/16 MP: 2/7
  3461 | D:3      | Gained mutation: Your natural rate of healing is unusually
                  | fast. [Vine Stalker growth]
  3461 | D:3      | Reached XP level 4. HP: 16/21 MP: 9/9
  4046 | D:3      | HP: 1/21 [gnoll/+0 flail (5)]
  4046 | D:3      | Slain by a gnoll

Illustrated notes

Levels and vault maps discovered:
D:1:      noname_arrival_rooms_in_the_neighbourhood, layout_basic,
          hellmonk_ecumenical_altar_zigzags
D:2:      layout_rooms
D:3:      layout_basic, serial_rivers, chequers_serial_rivers_micro_b,
          chequers_serial_rivers_small_a, chequers_serial_rivers_micro_d,
          chequers_serial_rivers_micro_c,
          nicolae_concentric_dashed_squares_wild, amcnicky_mini_pool_small

Skill      XL: |  1  2  3  4 |
---------------+-------------+-----
Stealth        | 3 |  3.5
Dodging        | 2 |  2.3
Spellcasting   | 3 |  3.0
Ice Magic      | |  4.5

Action                   |  1- 3 |  4- 6 || total
-------------------------+-------+-------++-------
Melee: Hand axe          |   131 |    40 ||   171
       Bite              |    27 |    12 ||    39
       Punch             |     1 |       ||     1
 Stab: Sleeping          |    10 |     2 ||    12
       Distracted        |       |     1 ||     1
Armor: Robe              |    18 |     4 ||    22
Dodge: Dodged            |    93 |    23 ||   116

Table legend: (Time is in decaauts)
 A = Elapsed time spent in this place.
 B = Non-inter-level travel time spent in this place.
 C = Inter-level travel time spent in this place.
 D = Time resting spent in this place.
 E = Time spent auto-exploring this place.
 F = Levels seen in this place.
 G = Mean time per level.
                   A        B        C        D        E       F      G
               +--------+--------+--------+--------+--------+-----+--------+
         Total |   4096 |   4016 |     80 |   1200 |   2227 |   3 | 1365.3 |
       Dungeon |   4096 |   4016 |     80 |   1200 |   2227 |   3 | 1365.3 |
               +--------+--------+--------+--------+--------+-----+--------+

Top non-repeatable levels by time:
     D:1: 2148 daAuts
     D:2: 1173 daAuts
     D:3: 774 daAuts
